Map: [ESL] Inside and Out

Players

Has - Winner!

  • Race: Protoss Protoss
  • Spawn Location: 1:00

Nice

  • Race: Protoss Protoss
  • Spawn Location: 7:00

Event: DreamHack SC2 Masters 2022 Atlanta (Online)

VOD

Have the link to the VOD?

Description

Time

  • Played on: Oct. 2, 2022, 8:50 a.m.
  • Length: 7:29

All games in this series

Show
View Real Time Build Order
Export as new Build Order

Has Protoss - Winner!

Build Orders: Cannon Rush 

Get SALT Encoding   

  12  0:00  Probe  
  13  0:12  Probe  
  14  0:16  Pylon  
  14  0:24  Probe  
  15  0:35  Forge  
  15  0:37  Probe  
  16  0:59  Pylon  
  16  1:04  Pylon  
  16  1:06  Pylon  
  16  1:18  Photon Cannon  
  16  1:21  Photon Cannon  
  16  1:30  Gateway  
  16  1:38  Pylon  
  16  1:59  Probe, Photon Cannon  
  16  2:08  Photon Cannon  
  16  2:15  Zealot (Chrono Boost), Pylon  
  16  2:21  Photon Cannon  
  18  2:24  Probe  
  19  2:34  Photon Cannon  
  19  2:37  Photon Cannon  
  19  2:42  Probe  
  19  2:53  Assimilator  
  19  2:54  Probe (Chrono Boost)  
  21  3:06  Probe (Chrono Boost), Gateway  
  19  3:12  Probe (Chrono Boost)  
  19  3:19  Cybernetics Core  
  20  3:20  Probe  
  20  3:25  Photon Cannon  
  21  3:32  Pylon  
  21  3:41  Pylon  
  22  3:53  Probe  
  22  3:55  Adept (Chrono Boost)  
  22  3:57  Warp Gate  
  22  3:58  Assimilator  
  23  4:05  Shield Battery, Probe  
  24  4:17  Probe  
  24  4:23  Robotics Facility  
  25  4:29  Probe  
  26  4:36  Pylon  
  26  4:41  Probe  
  27  4:55  Gateway  
  27  4:56  Gateway  
  27  4:57  Gateway  
  27  5:07  Warp Prism (Chrono Boost)  
  29  5:12  Stalker  
  31  5:33  Pylon  
  29  5:41  Shield Battery  
  29  5:53  Stalker x3  
  29  5:54  Stalker  
  37  6:16  Stalker x3  
  43  6:19  Sentry  
  45  6:40  Pylon  
  45  6:47  Stalker  
  47  6:59  Stalker  
  47  7:00  Stalker x2  
  49  7:16  Zealot  
Show
View Real Time Build Order
Export as new Build Order

Nice Protoss 

Build Orders:  

Get SALT Encoding   

  12  0:00  Probe  
  13  0:12  Probe  
  14  0:19  Pylon  
  14  0:24  Probe  
  15  0:37  Probe (Chrono Boost)  
  15  0:38  Gateway  
  16  0:47  Assimilator  
  16  0:48  Probe (Chrono Boost)  
  17  0:52  Probe (Chrono Boost)  
  18  1:03  Probe  
  19  1:24  Zealot (Chrono Boost)  
  19  1:31  Cybernetics Core  
  21  1:43  Zealot (Chrono Boost)  
  17  2:07  Stalker (Chrono Boost)  
  16  2:22  Probe  
  16  2:36  Stalker  
  14  3:05  Probe (Chrono Boost)  
  14  3:17  Probe (Chrono Boost)  
  14  3:18  Warp Gate  
  15  3:25  Probe (Chrono Boost)  
  16  3:32  Probe  
  17  3:44  Probe  
  18  3:56  Probe  
  19  4:08  Probe (Chrono Boost)  
  20  4:15  Nexus  
  20  4:20  Probe (Chrono Boost)  
  21  4:27  Probe (Chrono Boost)  
  22  4:35  Gateway  
  22  4:37  Probe  
  23  4:44  Assimilator  
  23  4:53  Pylon  
  23  5:11  Probe, Stargate  
  24  5:20  Zealot  
  26  5:23  Probe  
  26  5:33  Probe  
  26  5:35  Probe  
  28  5:41  Sentry  
  30  5:46  Shield Battery  
  30  5:48  Gateway  
  30  6:03  Void Ray (Chrono Boost)  
  34  6:05  Probe  
  34  6:06  Probe  
  37  6:23  Shield Battery  
  35  6:27  Sentry  
  33  6:39  Void Ray (Chrono Boost)  
  37  6:43  Pylon  
  37  6:52  Stalker  
  37  6:55  Zealot  
  37  7:03  Shield Battery  
  37  7:15  Zealot x2  
Tags
 
Add a new tag
Caveats
  • Supply blocks, unpowered buildings, or Contaminate may cause inaccurate times.
  • Supply counts are checked every 10 seconds.